MID
BURLINGTON BEES @ HICKORY CRAWDADS
08/26/2049
 
TOP OF THE 1ST
Burlington Bees batting - Pitching for Hickory Crawdads : LHP Chris P. Bacon
Pitching: LHP Chris P. Bacon
Batting: RHB Joe Hewitt 0-0: Ball
1-0: Foul Ball, location: 2F
1-1: Ground out 4-3 (Groundball, 34, EV 94.4 MPH)
Batting: RHB Rory Cobb 0-0: Ball
1-0: Ball
2-0: Ball
3-0: Called Strike
3-1: Fly out, F3 (Popup, 3SF, EV 86.9 MPH)
Batting: LHB Pavla Markianov 0-0: Fly out, F8 (Line Drive, 8RM, EV 98.1 MPH)
Top of the 1st over - 0 runs, 0 hits, 0 errors, 0 left on base; Burlington 0 - Hickory 0
BOTTOM OF THE 1ST
Hickory Crawdads batting - Pitching for Burlington Bees : RHP Hector Carrizales
Pitching: RHP Hector Carrizales
Batting: RHB Roberto Rodriguez 0-0: Called Strike
0-1: Ball
1-1: Called Strike
1-2: Ball
2-2: Ball
3-2: Ground out U3 (Groundball, 3S, EV 68.1 MPH)
Batting: RHB Danny Murillo 0-0: SINGLE (Line Drive, 89M, EV 95.6 MPH)
Batting: LHB Alfonso Collazo 0-0: Ball
Danny Murillo steals 2nd base
1-0: Foul Ball, location: 2F
1-1: Ball
2-1: Ball
3-1: Base on Balls
Batting: RHB Mike Thornton 0-0: Called Strike
0-1: Ball
1-1: Ball
2-1: Fly out, F7 (Flyball, 78XD, EV 97.5 MPH)
Runner from 2nd tags up, SAFE at 3rd, no throw by LF
Batting: RHB Dermott Neill 0-0: Ball
1-0: Called Strike
1-1: Called Strike
1-2: Ball
2-2: Fly out, F9 (Flyball, 89S, EV 88.8 MPH)
Bottom of the 1st over - 0 runs, 1 hit, 0 errors, 2 left on base; Burlington 0 - Hickory 0
TOP OF THE 2ND
Burlington Bees batting - Pitching for Hickory Crawdads : LHP Chris P. Bacon
Batting: RHB Peter Westover 0-0: SINGLE (Flyball, 89S, EV 94.4 MPH)
Batting: LHB Ramon Garduno 0-0: Called Strike
0-1: Called Strike
0-2: Strikes out swinging
Peter Westover steals 2nd base
Batter strikes out.
Batting: SHB David Vigo 0-0: Foul Ball, location: 2F
0-1: Ball
1-1: Foul Ball, location: 2F
1-2: Ball
2-2: Strikes out looking
Batting: RHB Dan Burkhart 0-0: Ball
1-0: Ball
2-0: Called Strike
2-1: Called Strike
2-2: Foul Ball, location: 2F
2-2: Foul Ball, location: 2F
2-2: Ball
3-2: Strikes out looking
Top of the 2nd over - 0 runs, 1 hit, 0 errors, 1 left on base; Burlington 0 - Hickory 0
BOTTOM OF THE 2ND
Hickory Crawdads batting - Pitching for Burlington Bees : RHP Hector Carrizales
Batting: SHB Todd Hewitt 0-0: Called Strike
0-1: Called Strike
0-2: Ball
1-2: Ground out U3 (Groundball, 13, EV 78.8 MPH)
Batting: RHB Bill Turnbull 0-0: SINGLE (Groundball, 4MD, EV 97.5 MPH)
Batting: RHB Jose Pineda 0-0: Called Strike
Bill Turnbull steals 2nd base
0-1: Ball
1-1: Called Strike
1-2: Strikes out looking
Batting: RHB Eduardo Chavez 0-0: Ball
1-0: Ball
2-0: Called Strike
2-1: Foul Ball, location: 2F
2-2: SINGLE (Line Drive, 7S, EV 101.9 MPH)
Bill Turnbull to third
Batting: RHB Roberto Rodriguez 0-0: Swinging Strike
0-1: Fielders Choice at 2nd, 6-4 (Groundball, 6, EV 108.8 MPH)
Bottom of the 2nd over - 0 runs, 2 hits, 0 errors, 2 left on base; Burlington 0 - Hickory 0
TOP OF THE 3RD
Burlington Bees batting - Pitching for Hickory Crawdads : LHP Chris P. Bacon
Batting: LHB Alberto Carrillo 0-0: Swinging Strike
0-1: Ball
1-1: Fly out, F9 (Line Drive, 9, EV 90.0 MPH)
Batting: RHB Arnaud Derosiers 0-0: Fly out, F7 (Flyball, 7, EV 90.6 MPH)
Batting: RHB Joe Hewitt 0-0: Called Strike
0-1: Ball
1-1: DOUBLE (Line Drive, 7LM, EV 100.6 MPH)
Batting: RHB Rory Cobb 0-0: Called Strike
0-1: Foul Ball, location: 2F
0-2: Ball
1-2: Strikes out swinging, 2-3 out at first.
Top of the 3rd over - 0 runs, 1 hit, 0 errors, 1 left on base; Burlington 0 - Hickory 0
BOTTOM OF THE 3RD
Hickory Crawdads batting - Pitching for Burlington Bees : RHP Hector Carrizales
Batting: RHB Danny Murillo 0-0: Ground out 6-3 (Groundball, 6, EV 87.5 MPH)
Batting: LHB Alfonso Collazo 0-0: Called Strike
0-1: SINGLE (Groundball, 25, EV 71.9 MPH) (infield hit)
Batting: RHB Mike Thornton 0-0: Ball
1-0: Ball
2-0: Ball
3-0: Called Strike
3-1: Base on Balls
Alfonso Collazo to second
Batting: RHB Dermott Neill 0-0: Fielders Choice at 2nd, 5-4 (Groundball, 56S, EV 92.5 MPH)
Alfonso Collazo to third
Batting: SHB Todd Hewitt 0-0: Ground out 4-3 (Groundball, 4, EV 101.9 MPH)
Bottom of the 3rd over - 0 runs, 1 hit, 0 errors, 2 left on base; Burlington 0 - Hickory 0
TOP OF THE 4TH
Burlington Bees batting - Pitching for Hickory Crawdads : LHP Chris P. Bacon
Batting: LHB Pavla Markianov 0-0: Ball
1-0: Ball
2-0: Called Strike
2-1: Swinging Strike
2-2: Foul Ball, location: 2F
2-2: Ball
3-2: Strikes out swinging
Batting: RHB Peter Westover 0-0: Fly out, F8 (Flyball, 8LXD, EV 94.4 MPH)
Batting: LHB Ramon Garduno 0-0: Ball
1-0: Ball
2-0: Foul Ball, location: 2F
2-1: Fly out, F8 (Flyball, 8RM, EV 90.6 MPH)
Top of the 4th over - 0 runs, 0 hits, 0 errors, 0 left on base; Burlington 0 - Hickory 0
BOTTOM OF THE 4TH
Hickory Crawdads batting - Pitching for Burlington Bees : RHP Hector Carrizales
Batting: RHB Bill Turnbull 0-0: Ball
1-0: Ball
2-0: Foul Ball, location: 2F
2-1: Foul Ball, location: 2F
2-2: Ground out U3 (Groundball, 3L, EV 88.1 MPH)
Batting: RHB Jose Pineda 0-0: Ball
1-0: Swinging Strike
1-1: Ball
2-1: DOUBLE (Groundball, 3L, EV 96.9 MPH)
Batting: RHB Eduardo Chavez 0-0: Ball
1-0: Ball
2-0: Reached on error, E6 (Groundball, 6M, EV 84.4 MPH)
Jose Pineda scores
Batting: RHB Roberto Rodriguez 0-0: Ball
1-0: Ball
Wild Pitch!
Eduardo Chavez to third
2-0: Ground out 6-3 (Groundball, 6, EV 89.4 MPH)
Eduardo Chavez scores
Batting: RHB Danny Murillo 0-0: Ball
1-0: Ground out 1-3 (Groundball, P, EV 63.1 MPH)
Bottom of the 4th over - 2 runs, 1 hit, 1 error, 0 left on base; Burlington 0 - Hickory 2
TOP OF THE 5TH
Burlington Bees batting - Pitching for Hickory Crawdads : LHP Chris P. Bacon
Batting: SHB David Vigo 0-0: Foul Ball, location: 2F
0-1: Fly out, F8 (Flyball, 8LD, EV 101.2 MPH)
Batting: RHB Dan Burkhart 0-0: Ball
1-0: Swinging Strike
1-1: SINGLE (Flyball, 7LS, EV 92.5 MPH)
Batting: LHB Alberto Carrillo 0-0: Ball
1-0: Ball
2-0: Ball
3-0: Called Strike
3-1: Called Strike
3-2: DOUBLE (Line Drive, 9LS, EV 100.6 MPH)
Dan Burkhart to third
Dan Burkhart scores
Batting: RHB Arnaud Derosiers 0-0: Ball
1-0: Ball
2-0: Ground out 3-1 (Groundball, 34, EV 83.1 MPH)
Alberto Carrillo to third
Batting: RHB Joe Hewitt 0-0: Foul Ball, location: 2F
0-1: Ball
1-1: Ground out 4-3 (Groundball, 4, EV 90.0 MPH)
Top of the 5th over - 1 run, 2 hits, 0 errors, 1 left on base; Burlington 1 - Hickory 2
BOTTOM OF THE 5TH
Hickory Crawdads batting - Pitching for Burlington Bees : RHP Hector Carrizales
Batting: LHB Alfonso Collazo 0-0: Swinging Strike
0-1: Foul Ball, location: 2F
0-2: Strikes out swinging
Batting: RHB Mike Thornton 0-0: Called Strike
0-1: Swinging Strike
0-2: Ball
1-2: Ball
2-2: Ball
3-2: Base on Balls
Batting: RHB Dermott Neill 0-0: Called Strike
Mike Thornton is caught stealing 2nd base 2-4
0-1: Ball
1-1: Ball
2-1: Reached on error, E6 (Groundball, 6S, EV 83.1 MPH)
Batting: SHB Todd Hewitt 0-0: Called Strike
0-1: Foul Ball, location: 2F
0-2: Ball
1-2: Fielders Choice at 2nd, 6-4 (Groundball, 6, EV 85.6 MPH)
Bottom of the 5th over - 0 runs, 0 hits, 1 error, 1 left on base; Burlington 1 - Hickory 2
TOP OF THE 6TH
Burlington Bees batting - Pitching for Hickory Crawdads : LHP Chris P. Bacon
Batting: RHB Rory Cobb 0-0: Ball
1-0: Ball
2-0: Foul Ball, location: 2F
2-1: Ball
3-1: Called Strike
3-2: SINGLE (Groundball, 34D, EV 98.1 MPH)
Batting: LHB Pavla Markianov 0-0: Called Strike
0-1: Swinging Strike
0-2: Ball
1-2: Foul Ball, location: 2F
1-2: Strikes out swinging
Batting: RHB Peter Westover Pickoff Throw to First - Out! 1-3
0-0: Called Strike
0-1: Foul Ball, location: 2F
0-2: Strikes out swinging
Top of the 6th over - 0 runs, 1 hit, 0 errors, 0 left on base; Burlington 1 - Hickory 2
BOTTOM OF THE 6TH
Hickory Crawdads batting - Pitching for Burlington Bees : RHP Hector Carrizales
Batting: RHB Bill Turnbull 0-0: Ball
1-0: Ball
2-0: Fly out, F8 (Flyball, 89S, EV 90.0 MPH)
Batting: RHB Jose Pineda 0-0: Ball
1-0: Ground out 4-3 (Groundball, 4, EV 101.9 MPH)
Batting: RHB Eduardo Chavez 0-0: Ground out 6-3 (Groundball, 6, EV 101.9 MPH)
Bottom of the 6th over - 0 runs, 0 hits, 0 errors, 0 left on base; Burlington 1 - Hickory 2
TOP OF THE 7TH
Burlington Bees batting - Pitching for Hickory Crawdads : LHP Chris P. Bacon
Now at 1B: Aaron Graham
Batting: LHB Ramon Garduno 0-0: Fly out, F9 (Flyball, 89M, EV 88.8 MPH)
Batting: SHB David Vigo 0-0: Foul Ball, location: 2F
0-1: Ball
1-1: Ball
2-1: Swinging Strike
2-2: Strikes out looking
Batting: RHB Dan Burkhart 0-0: Called Strike
0-1: Ball
1-1: Ground out 6-3 (Groundball, 6, EV 91.9 MPH)
Top of the 7th over - 0 runs, 0 hits, 0 errors, 0 left on base; Burlington 1 - Hickory 2
BOTTOM OF THE 7TH
Hickory Crawdads batting - Pitching for Burlington Bees : RHP Hector Carrizales
Batting: RHB Roberto Rodriguez 0-0: Ball
1-0: Ground out 5-3 (Groundball, 5S, EV 67.5 MPH)
Batting: RHB Danny Murillo 0-0: Called Strike
0-1: Ball
1-1: Ball
2-1: DOUBLE (Line Drive, 78XD, EV 100.6 MPH)
Pitching: RHP Chris DePalma
Batting: LHB Alfonso Collazo 0-0: Ball
1-0: Called Strike
1-1: Called Strike
1-2: Ball
2-2: Ground out 4-3 (Groundball, 4, EV 87.5 MPH)
Danny Murillo to third
Batting: RHB Mike Thornton 0-0: Ball
1-0: Called Strike
1-1: Ball
2-1: Foul Ball, location: 2F
2-2: Ground out 6-3 (Groundball, 6M, EV 98.1 MPH)
Bottom of the 7th over - 0 runs, 1 hit, 0 errors, 1 left on base; Burlington 1 - Hickory 2
TOP OF THE 8TH
Burlington Bees batting - Pitching for Hickory Crawdads : LHP Chris P. Bacon
Now in LF: Cesar Martinez
Pinch Hitting: RHB Juan Rosa 0-0: SINGLE (Groundball, 6MD, EV 103.8 MPH)
Batting: RHB Arnaud Derosiers 0-0: SINGLE (Line Drive, 9S, EV 101.9 MPH)
Juan Rosa to second
Runner from 2nd tries for 3rd, OUT! 9-5
Batting: RHB Joe Hewitt 0-0: Ball
1-0: Foul Ball, location: 2F
1-1: Foul Ball, location: 2F
1-2: Foul Ball, location: 2F
1-2: Ground out 5-3 (Groundball, 56S, EV 63.8 MPH)
Arnaud Derosiers to second
Batting: RHB Rory Cobb 0-0: Swinging Strike
0-1: Swinging Strike
0-2: Strikes out swinging
Top of the 8th over - 0 runs, 2 hits, 0 errors, 1 left on base; Burlington 1 - Hickory 2
BOTTOM OF THE 8TH
Hickory Crawdads batting - Pitching for Burlington Bees : RHP Chris DePalma
Now in RF: Khalil Thurston
Batting: RHB Aaron Graham 0-0: Ball
1-0: Ball
2-0: Ball
3-0: Base on Balls
Batting: SHB Todd Hewitt 0-0: Called Strike
0-1: Ball
1-1: Fly out, F8 (Flyball, 78D, EV 96.2 MPH)
Batting: RHB Bill Turnbull 0-0: Ball
1-0: Ball
2-0: Foul Ball, location: 2F
2-1: Foul Ball, location: 2F
2-2: Strikes out looking
Batting: RHB Jose Pineda 0-0: Foul Ball, location: 2F
0-1: Ball
1-1: Called Strike
1-2: Ball
2-2: Strikes out swinging
Bottom of the 8th over - 0 runs, 0 hits, 0 errors, 1 left on base; Burlington 1 - Hickory 2
TOP OF THE 9TH
Burlington Bees batting - Pitching for Hickory Crawdads : LHP Chris P. Bacon
Batting: LHB Pavla Markianov 0-0: Called Strike
0-1: Ball
1-1: Swinging Strike
1-2: Ball
2-2: Foul Ball, location: 2F
2-2: Foul Ball, location: 2F
2-2: Ball
3-2: Foul Ball, location: 2F
3-2: Strikes out swinging
Pitching: LHP Harry Tuckfard
Batting: RHB Peter Westover 0-0: Called Strike
0-1: Called Strike
0-2: Ball
1-2: Foul Ball, location: 2F
1-2: Ball
2-2: Ball
3-2: Base on Balls
Batting: RHB Dan Thomey 0-0: Called Strike
0-1: Ball
1-1: Ball
2-1: Foul Ball, location: 2F
2-2: Ball
3-2: Grounds into double play, 2-6-3 (Groundball, 13S, EV 67.5 MPH)
Top of the 9th over - 0 runs, 0 hits, 0 errors, 0 left on base; Burlington 1 - Hickory 2
Sunday, July 16th , 2023 - OOTP Baseball 24.6 Build 69